cohdb
Replays
Latest Replays
All Replays
Popular Replays
Top Player Replays
Match Explorer
How It Works
Community
CoH3 Stats
Reddit
Sign in to upload your games and track your stats! →
Sign in with Steam
Match 45952571
Unlisted
Match 45952571
Overview
Messages
Build Orders
End
Kettenkrad Recon Vehicle
Construct Infanterie Kompanie
Selects Terror Battlegroup
Selects Machine Gun Camouflage
Grenadier Squad
Grenadier Squad
MG 42 Machine Gun Team
Construct Panzergrenadier Kompanie
Selects Contempt for the Weak
Panzergrenadier Squad
Support Elements
StuG III G Assault Gun
Selects Defend the Fatherland
Panzergrenadier Squad
MG 42 Machine Gun Team
Medical Bunker
Pioneer Squad
Pioneer Squad
Pioneer Squad
WordBearers[Borgore]
oziligath
0
0
Comments
sign in to comment!
No comments posted yet!